 Dungeon Crawl Stone Soup version 0.24.0-29-g8ce449bc06 (webtiles) character file.

Game seed: 13173173145592723770, levelgen mode: deterministic

331 Curus the Poker (level 6, -10/76 HPs)
             Began as a Draconian Berserker on Nov 14, 2019.
             Was a Priest of Trog.
             Blown up by an orc priest (27 damage)
             ... with a disintegration bolt
             ... on level 3 of the Dungeon.
             The game lasted 00:10:19 (1567 turns).

Curus the Poker (Draconian Berserker)               Turns: 1567, Time: 00:10:19

Health: -10/76     AC:  8    Str: 24    XL:     6   Next: 26%
Magic:  6/6        EV: 13    Int:  7    God:    Trog [***...]
Gold:   110        SH:  0    Dex: 13    Spells: 5/5 levels left

rFire    . . .     SeeInvis .   a - +1 spear
rCold    . . .     Gourm    .   (no shield)
rNeg     . . .     Faith    .   (armour unavailable)
rPois    .         Spirit   .   (helmet restricted)
rElec    .         Reflect  .   i - +0 cloak
rCorr    .         Harm     .   (no gloves)
MR       .....                  g - +0 pair of boots
Stlth    ..........             (no amulet)
HPRegen  0.22/turn              (no ring)
MPRegen  0.10/turn              (no ring)

@: berserking, very quick
A: unfitting armour, cold-blooded, AC +6
a: Berserk, Trog's Hand, Renounce Religion


You were on level 3 of the Dungeon.
You worshipped Trog.
Trog was most pleased with you.
You were hungry.

You visited 1 branch of the dungeon, and saw 3 of its levels.

You collected 110 gold pieces.

Inventory:

Hand Weapons
 a - a +1 spear (weapon)
Armour
 g - a +0 pair of boots (worn)
 i - a +0 cloak (worn)
Wands
 d - a wand of polymorph (11)
Scrolls
 c - 3 scrolls of remove curse
 e - a scroll of fog
 h - a scroll of blinking
 j - a scroll of identify
Potions
 f - a potion of curing
Comestibles
 b - 8 rations


   Skills:
 - Level 3.2 Fighting
 + Level 7.1 Polearms
 - Level 2.6 Dodging


You had 5 spell levels left.
You didn't know any spells.
Your spell library was empty.

Dungeon Overview and Level Annotations

Branches:
Dungeon (3/15)

Altars:
Dithmenos
Okawaru


Innate Abilities, Weirdness & Mutations

Your plain brown scales are hard. (AC +6)
You cannot fit into any form of body armour.
You are cold-blooded and may be slowed by cold attacks.


Message History

The orc priest is severely wounded.
The orc priest hits you from afar with a +0 trident!
You hit the orc priest but do no damage.
The orc priest is severely wounded.
The orc priest hits you with a +0 mace.
A red film seems to cover your vision as you go berserk!
You feel yourself moving faster!
You feel mighty!
You are feeling hungry.
The orc priest hits you but does no damage.
The orc priest calls down the wrath of Beogh upon you.
Pain shoots through your body!
* * * LOW HITPOINT WARNING * * *
You closely miss the orc priest.
The orc priest is severely wounded.
The orc priest hits you from afar with a +0 trident.
* * * LOW HITPOINT WARNING * * *
You hit the orc priest.
The orc priest is almost dead.
The orc priest zaps a wand.
You are blasted!
You die...

................ ....#
###.###......### ##...## # #.#
#.#.##### #.....# #
#.###.#.....## ##.....# #
#..#.....#...####.....(# #
##.#....###............########
# .#.........(o.##.............
# #..#.).).#o).####.#########.
# #.##.._..##@.# #.# ##.
#..#.).).#..#####.########..
#.....÷÷....###............#
##...###.†.###..#.########..
##...#....# #.##.# ##.
#......#.###.##.# #.
#.######........# ..
..########.#.#### ###
#.............#


You could see 2 orc priests.

Vanquished Creatures
  Grinder (D:3)
  An orc wizard (D:3)
  2 adders (D:2)
  An ooze (D:2)
  2 dart slugs (D:1)
  5 leopard geckos
  4 orcs (D:3)
  A giant cockroach (D:2)
  13 goblins
  6 hobgoblins
  7 jackals
  2 quokkas
  A ball python (D:3)
  9 bats
  5 frilled lizards
  5 kobolds
  6 rats
71 creatures vanquished.

Notes
Turn   | Place    | Note
-------+----------+-------------------------------------------
     0 | D:1      | Curus the Draconian Berserker began the quest for the Orb.
     0 | D:1      | Reached XP level 1. HP: 19/19 MP: 1/1
    59 | D:1      | Reached XP level 2. HP: 23/26 MP: 2/2
   156 | D:1      | Reached skill level 4 in Polearms
   199 | D:1      | Reached XP level 3. HP: 30/31 MP: 3/3
   331 | D:1      | You fall into a shaft and drop 1 floor!
   359 | D:2      | Reached ** piety under Trog
   708 | D:2      | Reached skill level 5 in Polearms
   708 | D:2      | Reached XP level 4. HP: 26/38 MP: 4/4
   877 | D:3      | Noticed Grinder
   911 | D:3      | Killed Grinder
   911 | D:3      | Reached skill level 6 in Polearms
   911 | D:3      | Reached XP level 5. HP: 17/45 MP: 5/5
   911 | D:3      | Reached XP level 6. HP: 20/51 MP: 6/6
   993 | D:3      | Found a shadowy altar of Dithmenos.
  1286 | D:3      | Found an iron altar of Okawaru.
  1457 | D:3      | Reached skill level 7 in Polearms
  1463 | D:3      | Reached *** piety under Trog
  1567 | D:3      | Blown up by an orc priest

Levels and vault maps discovered:
D:1:      dpeg_arrival_simpleton_a, layout_rooms, minmay_pentomino_s2
D:2:      layout_rooms, minmay_cut_off
D:3:      layout_loops_ring, grunt_dithmenos_smoke, okawaru_ov_weapons_minmay,
          uniq_grinder

Skill      XL: |  1  2  3  4  5  6 |
---------------+-------------------+-----
Polearms       | 4 5 6 7 |  7.1
Fighting       | |  3.2
Dodging        | |  2.6

Action                   |  1- 3 |  4- 6 || total
-------------------------+-------+-------++-------
Melee: Spear             |   161 |   118 ||   279
       Tailslap          |    15 |    16 ||    31
Invok: Berserk           |       |     2 ||     2
       Trog's Hand       |       |     1 ||     1
  Use: Potion            |     3 |       ||     3
       Scroll            |     5 |     3 ||     8
 Stab: Sleeping          |     2 |     1 ||     3
       Distracted        |       |     1 ||     1
  Eat: Ration            |       |     1 ||     1
Armor: Skin              |    40 |    20 ||    60
Dodge: Dodged            |    94 |    53 ||   147
